 Dungeon Sprint DCSS version 0.28-a0-872-g80cf8599ee (webtiles) character file.

Game seed: 14419615917601626322

33551 mhtbhm the Warrior (level 13, -1/207 (211) HPs)
             Began as a Minotaur Fighter on Nov 20, 2021.
             Was the Champion of Okawaru.
             Slain by a swamp dragon (18 damage)
             ... in the Dungeon (Sprint IX: "|||||||||||||||||||||||||||||").
             The game lasted 00:09:52 (6154 turns).

mhtbhm the Warrior (Minotaur Fighter)               Turns: 6154, Time: 00:09:54

HP:   -1/207 (211)  AC: 21    Str: 29    XL:     13   Next: 37%
MP:   23/23         EV: 14    Int:  5    God:    Okawaru [******]
Gold: 243           SH: 13    Dex: 10    Spells: 12/12 levels left

rFire   + . .      SeeInvis .   a - +0 morningstar (venom)
rCold   . . .      Faith    .   c - +0 kite shield
rNeg    . . .      Spirit   .   b - +4 scale mail {rF+}
rPois   +          Reflect  .   l - +2 hat {Stlth+}
rElec   .          Harm     .   A - +0 cloak
rCorr   .          Rampage  .   v - +0 pair of gloves
Will    .....      NoTele   +   m - +0 pair of boots
Stlth   ..........              w - amulet of the acrobat
HPRegen 0.44/turn               n - +3 ring of strength
MPRegen 0.18/turn               B - ring of poison resistance

@: berserking, lightly drained, very quick
A: horns 2, retaliatory headbutt
a: Renounce Religion, Heroism, Finesse


You were in the Dungeon.
You worshipped Okawaru.
Okawaru was exalted by your worship.
You visited 1 branch You collected 1950 gold pieces.
You spent 1707 gold pieces at shops.

Inventory:

Hand Weapons
 a - a +0 morningstar of venom (weapon)
Missiles
 d - 9 atropa-tipped darts (quivered)
Armour
 b - a +4 scale mail of fire resistance (worn)
 c - a +0 kite shield (worn)
 l - a +2 hat of stealth (worn)
 m - a +0 pair of boots (worn)
 v - a +0 pair of gloves (worn)
 A - a +0 cloak (worn)
Jewellery
 n - a +3 ring of strength (left hand)
 w - an amulet of the acrobat (around neck)
 B - a ring of poison resistance (right hand)
 C - a ring of protection from cold
 D - a ring of see invisible
Scrolls
 k - 2 scrolls of amnesia
 q - 2 scrolls of fear
 r - 6 scrolls of enchant armour
 s - 2 scrolls of fog
 t - a scroll of enchant weapon
 x - 9 scrolls of identify {unknown}
 y - a scroll of immolation {unknown}
Potions
 g - 3 potions of mutation
 h - 5 potions of magic
 p - a potion of lignification
 z - 2 potions of degeneration {unknown}
 F - a potion of brilliance
 G - a potion of might


   Skills:
 + Level 20.8 Fighting
 + Level 19.6 Maces & Flails
 + Level 4.1 Throwing
 + Level 17.1 Armour
 + Level 12.2 Dodging
 - Level 2.6 Stealth
 + Level 16.7 Shields
 * Level 15.0 Invocations
 + Level 4.4 Evocations


You had 12 spell levels left.
You didn't know any spells.
Your spell library was empty.

Dungeon Overview and Level Annotations

Branches:
Dungeon (1/1)

Altars:
Cheibriados
Dithmenos
Elyvilon
Fedhas
Gozag
Hepliaklqana
Kikubaaqudgha
Makhleb
Nemelex Xobeh
Okawaru
Qazlal
Ru
Sif Muna
Trog
Uskayaw
Vehumet
Wu Jian
Xom
Yredelemnul
Zin
The Shining One
Beogh
Jiyva
Lugonu

Shops:
D *[(*


Innate Abilities, Weirdness & Mutations

You have a pair of horns on your head.
You reflexively headbutt those who attack you in melee.


Message History

You block the spectral five-headed hydra's attack.
The spectral five-headed hydra bites you.
* * * LOW HITPOINT WARNING * * *
The spectral five-headed hydra barely misses you.
The swamp dragon is engulfed in spectral mist.
The swamp dragon bites you!
* * * LOW HITPOINT WARNING * * *
You block the swamp dragon's attack.
The swamp dragon tramples you but does no damage.
You feel better.
You are engulfed in spectral mist.
The ghost crab breathes spectral mist at you.
The spectral mist engulfs the spectral alligator snapping turtle but does no damage.
You block the spectral alligator snapping turtle's attack.
The spectral five-headed hydra bites you!
* * * LOW HITPOINT WARNING * * *
The spectral five-headed hydra bites you but does no damage.
The spectral five-headed hydra bites you!
* * * LOW HITPOINT WARNING * * *
You feel drained.
* * * LOW HITPOINT WARNING * * *
You block the spectral five-headed hydra's attack.
The spectral five-headed hydra bites you but does no damage.
The swamp dragon is engulfed in spectral mist.
You block the swamp dragon's attack.
The swamp dragon claws you but does no damage.
The swamp dragon tramples you.
* * * LOW HITPOINT WARNING * * *
You hold your ground!
A red film seems to cover your vision as you go berserk!
You feel yourself moving faster!
You feel mighty!
You are engulfed in spectral mist.
The ghost crab breathes spectral mist at you.
The spectral mist engulfs the spectral alligator snapping turtle but does no damage.
You block the spectral five-headed hydra's attack.
The spectral five-headed hydra completely misses you.
You block the spectral five-headed hydra's attack. x2
The spectral five-headed hydra barely misses you.
The swamp dragon is engulfed in spectral mist.
The swamp dragon bites you!!
You die...

▓'▓.▓)▓.▓)▓.▓.▓.▓.
▓)▓.▓)▓.▓.▓.▓.▓.▓'
▓)▓.▓(▓.▓)▓.▓.▓.▓_
▓)▓.▓)▓.▓)▓.▓.▓.▓_
▓)▓.▓)▓.▓)▓.▓.▓.▓_
▓)▓.▓)▓.▓[▓.▓.▓.▓_
▓.▓.▓)▓.▓)▓.▓÷▓.▓_
▓Z▓.▓)▓.▓)▓.▓÷▓.▓_
▓@▓.▓.▓.▓.▓.▓.▓.▓_
▓D▓.▓[▓.▓.▓.▓.▓.▓_
♣Z♣.▓[▓.▓.▓.▓.▓.▓_
♣t♣[▓)▓.▓.▓.▓.▓.▓_
♣Z♣.▓[▓.▓)▓.▓.▓.▓_
♣)♣.▓)▓.▓)▓.▓.▓.▓_
♣.♣.▓[▓.▓)▓.▓.▓.▓_
♣.♣.▓[▓.▓.▓.▓)▓.▓_
♣i♣.▓[▓.▓.▓.▓'▓.▓_


You could see a swamp dragon (strong), a ghost crab, a spectral bat (summoned,
strong), a spectral five-headed hydra (summoned, strong) and a spectral
alligator snapping turtle (summoned).

Vanquished Creatures
  Gastronok (D)
  Donald (D)
  Agnes (D)
  A fire giant (D)
  Aizul (D)
  A stone giant (D)
  A dire elephant (D)
  A bunyip (D)
  2 ettins (D)
  A naga warrior (D)
  A fire dragon (D)
  A rakshasa (D)
  4 hydras (D)
  2 ogre magi (D)
  2 centaur warriors (D)
  An alligator (D)
  4 two-headed ogres (D)
  A naga sharpshooter (D)
  A deep troll earth mage (D)
  A spriggan berserker (D)
  A spriggan (D)
  A skeletal warrior (D)
  A spriggan druid (D)
  A bog body (D)
  An orc knight (D)
  A wizard (D)
  A deep elf pyromancer (D)
  A mana viper (D)
  An orc sorcerer (D)
  A manticore (D)
  2 naga magi (D)
  7 elephants (D)
  4 black mambas (D)
  2 cane toads (D)
  A yaktaur (D)
  A rime drake (D)
  A komodo dragon (D)
  An efreet (D)
  A polar bear (D)
  A hornet (D)
  A yak (D)
  A wyvern (D)
  A basilisk (D)
  A vampire mosquito (D)
  A naga (D)
  An acid dragon (D)
  6 water moccasins (D)
  9 orc warriors (D)
  8 ogres (D)
  3 bullfrogs (D)
  A killer bee (D)
  A howler monkey (D)
  3 orc priests (D)
  3 iguanas (D)
  3 orc wizards (D)
  2 adders (D)
  8 orcs (D)
  A bat (D)
  An endoplasm (D)
  A goblin (D)
  A hobgoblin (D)
  A kobold (D)
118 creatures vanquished.

Vanquished Creatures (others)
  A spriggan druid (D)
  An unseen horror (D)
  A tyrant leech (D)
  A shadow (D)
4 creatures vanquished.

Grand Total: 122 creatures vanquished

Notes
Turn   | Place    | Note
-------+----------+-------------------------------------------
     0 | D        | mhtbhm the Minotaur Fighter began the quest for the Orb.
     0 | D        | Reached XP level 1. HP: 19/19 MP: 0/0
     9 | D        | Reached skill level 4 in Fighting
    64 | D        | Noticed an iguana
    64 | D        | Noticed an iguana
    64 | D        | Noticed an iguana
    68 | D        | Killed an iguana
    69 | D        | Reached skill level 5 in Fighting
    69 | D        | Reached skill level 5 in Armour
    69 | D        | Reached skill level 5 in Shields
    69 | D        | Reached XP level 2. HP: 20/29 MP: 1/1
    69 | D        | Reached XP level 3. HP: 25/36 MP: 2/2
    72 | D        | Reached skill level 6 in Fighting
    72 | D        | Reached XP level 4. HP: 25/44 MP: 3/3
    74 | D        | Reached skill level 5 in Maces & Flails
    80 | D        | Found a snail-covered altar of Cheibriados.
    80 | D        | Found a shadowy altar of Dithmenos.
    80 | D        | Found a white marble altar of Elyvilon.
    80 | D        | Found a blossoming altar of Fedhas.
    80 | D        | Found an opulent altar of Gozag.
    81 | D        | Found a hazy altar of Hepliaklqana.
    82 | D        | Found a viscous altar of Jiyva.
    83 | D        | Found an ancient bone altar of Kikubaaqudgha.
    84 | D        | Found a corrupted altar of Lugonu.
    85 | D        | Found a burning altar of Makhleb.
    86 | D        | Found a sparkling altar of Nemelex Xobeh.
    87 | D        | Found an iron altar of Okawaru.
    88 | D        | Found a stormy altar of Qazlal.
    89 | D        | Found a sacrificial altar of Ru.
    90 | D        | Found a shimmering blue altar of Sif Muna.
    91 | D        | Found a bloodstained altar of Trog.
    92 | D        | Found a hide-covered altar of Uskayaw.
    93 | D        | Found a radiant altar of Vehumet.
    94 | D        | Found an ornate altar of the Wu Jian Council.
    95 | D        | Became a worshipper of Warmaster Okawaru
    96 | D        | Found a shimmering altar of Xom.
    97 | D        | Found a basalt altar of Yredelemnul.
    98 | D        | Found a glowing silver altar of Zin.
    99 | D        | Found a glowing golden altar of the Shining One.
   219 | D        | Noticed a two-headed ogre
   219 | D        | Noticed a vampire mosquito
   219 | D        | Noticed an acid dragon
   223 | D        | Reached skill level 7 in Fighting
   223 | D        | Reached XP level 5. HP: 52/52 MP: 4/4
   224 | D        | Killed a vampire mosquito
   225 | D        | Reached skill level 8 in Fighting
   225 | D        | Reached skill level 1 in Dodging
   225 | D        | Reached XP level 6. HP: 40/62 MP: 5/5
   228 | D        | Killed a two-headed ogre
   228 | D        | Reached * piety under Okawaru
   228 | D        | Reached ** piety under Okawaru
   229 | D        | Reached skill level 10 in Fighting
   229 | D        | Reached skill level 10 in Maces & Flails
   229 | D        | Reached skill level 10 in Armour
   229 | D        | Reached skill level 10 in Shields
   229 | D        | Reached skill level 1 in Evocations
   229 | D        | Reached XP level 7. HP: 48/73 MP: 6/6
   236 | D        | Killed an unseen horror
   241 | D        | Reached XP level 8. HP: 35/81 MP: 7/7
   441 | D        | Noticed a centaur warrior
   441 | D        | Noticed an efreet
   441 | D        | Noticed a five-headed hydra
   441 | D        | Noticed a centaur warrior
   441 | D        | Noticed a four-headed hydra
   448 | D        | Killed a centaur warrior
   448 | D        | Reached *** piety under Okawaru
   449 | D        | Reached skill level 11 in Fighting
   454 | D        | Killed a five-headed hydra
   455 | D        | Reached XP level 9. HP: 17/90 MP: 7/11
   459 | D        | Killed an efreet
   460 | D        | Reached skill level 12 in Fighting
   460 | D        | Reached skill level 5 in Invocations
   465 | D        | Killed a centaur warrior
   465 | D        | Reached **** piety under Okawaru
   465 | D        | Received a gift from Okawaru
   794 | D        | Killed a four-headed hydra
   795 | D        | Reached skill level 5 in Dodging
  1009 | D        | Noticed a black mamba
  1009 | D        | Noticed a cane toad
  1009 | D        | Noticed a cane toad
  1021 | D        | Killed a black mamba
  1022 | D        | Reached skill level 13 in Fighting
  1025 | D        | Reached XP level 10. HP: 41/101 MP: 14/14
  1027 | D        | Killed a cane toad
  1027 | D        | Noticed a five-headed hydra
  1033 | D        | Killed a cane toad
  1043 | D        | Killed a five-headed hydra
  1043 | D        | Reached ***** piety under Okawaru
  1331 | D        | Reached skill level 14 in Fighting
  1331 | D        | Reached skill level 15 in Maces & Flails
  1359 | D        | Received a gift from Okawaru
  1646 | D        | Noticed an elephant
  1646 | D        | Noticed an elephant
  1646 | D        | Noticed an elephant
  1646 | D        | Noticed an elephant
  1646 | D        | Noticed an elephant
  1646 | D        | Noticed a dire elephant
  1651 | D        | Killed an elephant
  1660 | D        | Killed an elephant
  1673 | D        | Killed a dire elephant
  1674 | D        | Reached skill level 15 in Fighting
  1674 | D        | Reached XP level 11. HP: 22/112 MP: 17/17
  2041 | D        | Reached skill level 10 in Invocations
  2051 | D        | Received a gift from Okawaru
  2384 | D        | Noticed Gastronok
  2399 | D        | Killed Gastronok
  2399 | D        | Reached ****** piety under Okawaru
  2400 | D        | Reached skill level 16 in Fighting
  2459 | D        | Noticed an orc sorcerer
  2467 | D        | Noticed an ettin
  2480 | D        | Killed an orc sorcerer
  2494 | D        | Killed an ettin
  2494 | D        | Received a gift from Okawaru
  2971 | D        | Reached skill level 10 in Dodging
  3305 | D        | Found Zuog's Assorted Antiques.
  3305 | D        | Noticed a two-headed ogre
  3309 | D        | Noticed an ogre mage
  3310 | D        | Found Ymefir's Armour Shoppe.
  3315 | D        | Killed a two-headed ogre
  3316 | D        | Reached skill level 1 in Throwing
  3329 | D        | Killed an ogre mage
  3330 | D        | Reached skill level 17 in Fighting
  3587 | D        | Found Imufyste's Weapon Emporium.
  3591 | D        | Found Agucsich's Assorted Antiques.
  3593 | D        | Noticed a two-headed ogre
  3594 | D        | Noticed an ogre mage
  3596 | D        | Noticed a two-headed ogre
  3602 | D        | Killed a two-headed ogre
  3606 | D        | Reached XP level 12. HP: 87/125 MP: 18/20
  3611 | D        | Killed an ogre mage
  3615 | D        | Killed a two-headed ogre
  3664 | D        | Bought a +0 morningstar of venom for 74 gold pieces
  3665 | D        | Bought 6 atropa-tipped darts for 39 gold pieces
  3673 | D        | Bought a +4 scale mail of fire resistance for 372 gold
                  | pieces
  3680 | D        | Bought a runed cameo amulet for 125 gold pieces
  3680 | D        | Bought a potion of curing for 75 gold pieces
  3680 | D        | Bought a scroll labelled CUTONU RESU for 25 gold pieces
  3680 | D        | Bought a scroll labelled CUTONU RESU for 25 gold pieces
  3680 | D        | Bought a scroll labelled CUTONU RESU for 25 gold pieces
  3680 | D        | Bought 2 fuming cyan potions for 45 gold pieces
  3686 | D        | Bought a scroll labelled CUTONU RESU for 29 gold pieces
  3686 | D        | Bought a scroll labelled CUTONU RESU for 29 gold pieces
  3686 | D        | Bought a scroll labelled CUTONU RESU for 29 gold pieces
  3686 | D        | Bought a scroll labelled CUTONU RESU for 29 gold pieces
  3686 | D        | Bought a potion of heal wounds for 145 gold pieces
  3686 | D        | Bought a scroll labelled GENWOI EFUHEOBB for 29 gold pieces
  3686 | D        | Bought a scroll labelled CUTONU RESU for 29 gold pieces
  3686 | D        | Bought a scroll labelled CUTONU RESU for 29 gold pieces
  3696 | D        | Bought a translucent shortbow for 200 gold pieces
  3696 | D        | Identified the +4 shortbow "Duopurgh" {vorpal, Int-2 Dex+5}
                  | (You bought it in a shop in the Dungeon)
  3709 | D        | Bought a +0 cloak for 54 gold pieces
  3716 | D        | Bought a thick smoking staff for 300 gold pieces
  3892 | D        | Noticed a four-headed hydra
  3898 | D        | Reached skill level 15 in Armour
  3902 | D        | Killed a four-headed hydra
  3912 | D        | Noticed a deep troll earth mage
  3915 | D        | Reached skill level 18 in Fighting
  3915 | D        | Noticed a death yak
  3923 | D        | Noticed a stone giant
  3927 | D        | Reached skill level 15 in Shields
  3930 | D        | Noticed an ettin
  3937 | D        | Received a gift from Okawaru
  3939 | D        | HP: 6/128 [spriggan berserker (29)]
  4438 | D        | Killed a deep troll earth mage
  4587 | D        | Killed an ettin
  4735 | D        | Killed a stone giant
  4736 | D        | Reached skill level 19 in Fighting
  4755 | D        | Noticed a rakshasa
  4774 | D        | Killed a rakshasa
  4774 | D        | Noticed a fire dragon
  4786 | D        | Killed a fire dragon
  4786 | D        | Identified the +1 hand crossbow of Mandamus {vorpal, rElec}
                  | (Okawaru gifted it to you in the Dungeon)
  4786 | D        | Received a gift from Okawaru
  5009 | D        | Noticed a fire giant
  5022 | D        | Killed a fire giant
  5165 | D        | Noticed Aizul
  5189 | D        | Killed Aizul
  5581 | D        | Noticed Agnes
  5581 | D        | Noticed Donald
  5598 | D        | Killed Agnes
  5607 | D        | Killed Donald
  5608 | D        | Reached XP level 13. HP: 71/139 MP: 15/22
  5848 | D        | Reached skill level 20 in Fighting
  6116 | D        | Noticed a bunyip
  6120 | D        | Received a gift from Okawaru
  6143 | D        | Killed a bunyip
  6143 | D        | Received a gift from Okawaru
  6148 | D        | Reached skill level 15 in Invocations
  6154 | D        | Slain by a swamp dragon

Illustrated notes

Levels and vault maps discovered:
D:        linesprint [early_d, line_temple, items_1, d_10, items_2, lair_1,
          lair_end, items_3, orc_1, orc_end, items_4, d_15, swamp_1, shoals_1,
          snake_1, spider_1, d_20, vaults_1, items_5, swamp_end, shoals_end,
          snake_end, spider_end, vaults_end, d_27, items_6, zot_1, zot_end,
          crypt_end, forest_end, elf_end, slime_end, tomb_end, abyss_end,
          pan_hell_end]

Skill      XL: |  1  2  3  4  5  6  7  8  9 10 11 12 13 |
---------------+----------------------------------------+-----
Fighting       | 5 6 7 8 10 11 13 15 17 19 20 | 20.8
Armour         | 5 6 7 8 10 11 12 13 14 16 17 | 17.1
Shields        | 5 6 8 10 11 12 13 14 16 | 16.7
Maces & Flails | 3 4 6 7 10 12 14 15 17 18 19 | 19.6
Dodging        | 1 2 4 5 8 10 11 12 | 12.2
Stealth        | 2 |  2.6
Evocations     | 1 2 3 4 |  4.4
Invocations    | 4 7 9 12 14 15 | 15.0
Throwing       | 2 4 |  4.1

Action                   |  1- 3 |  4- 6 |  7- 9 | 10-12 | 13-15 || total
-------------------------+-------+-------+-------+-------+-------++-------
Melee: Flail             |    15 |     6 |    49 |   253 |       ||   323
       Headbutt          |     2 |       |     8 |   115 |    20 ||   145
       Morningstar       |       |       |       |   135 |    78 ||   213
Throw: Dart              |       |       |       |    11 |     1 ||    12
Invok: Heroism           |       |       |       |     2 |       ||     2
       Finesse           |       |       |       |     1 |       ||     1
Evoke: Wand              |       |     3 |     1 |     6 |       ||    10
  Use: Potion            |     1 |     1 |     5 |    12 |     3 ||    22
       Scroll            |       |       |     1 |     3 |       ||     4
 Stab: Invisible         |       |     2 |     3 |     3 |       ||     8
       Distracted        |       |       |       |     1 |       ||     1
Armor: Scale mail        |     3 |       |       |    26 |    31 ||    60
       Ring mail         |       |     1 |    32 |    40 |       ||    73
Dodge: Dodged            |     7 |     3 |    23 |   128 |    38 ||   199
Block: Buckler           |     2 |     4 |    18 |    83 |       ||   107
       Kite shield       |       |       |       |       |    52 ||    52

Table legend: (Time is in decaauts)
 A = Elapsed time spent in this place.
 B = Non-inter-level travel time spent in this place.
 C = Inter-level travel time spent in this place.
 D = Time resting spent in this place.
 E = Time spent auto-exploring this place.
 F = Levels seen in this place.
 G = Mean time per level.
                   A        B        C        D        E       F      G
               +--------+--------+--------+--------+--------+-----+--------+
         Total |   5969 |   5969 |      0 |   3770 |    702 |   1 | 5969.0 |
       Dungeon |   5969 |   5969 |      0 |   3770 |    702 |   1 | 5969.0 |
               +--------+--------+--------+--------+--------+-----+--------+

Top non-repeatable levels by time:
       D: 5969 daAuts
